 Dungeon Crawl Stone Soup version 0.28.0-43-g3370ac3207 (webtiles) character file.

Game seed: 8941736039662622785

123 issech the Cudgeller (level 4, -2/44 HPs)
             Began as a Troll Monk on Mar 29, 2022.
             Slain by a hornet (7 damage)
             ... on level 5 of the Dungeon.
             The game lasted 00:09:39 (2831 turns).

issech the Cudgeller (Troll Monk)                   Turns: 2831, Time: 00:09:40

Health: -2/44      AC:  4    Str: 19    XL:     4   Next: 80%
Magic:  3/3        EV: 10    Int:  6    God:
Gold:   156        SH:  0    Dex: 14    Spells: 3/3 levels left

rFire   . . .      SeeInvis .   a - +0 mace
rCold   . . .      Faith    .   (no shield)
rNeg    . . .      Spirit   .   b - +0 robe
rPois   .          Reflect  .   (helmet restricted)
rElec   .          Harm     .   (no cloak)
rCorr   .          Rampage  .   (gloves unavailable)
Will    .....                   (boots unavailable)
Stlth   ++........              (no amulet)
HPRegen 0.94/turn               u - ring of wizardry
MPRegen 0.08/turn               (no ring)

@: slowed, very slow
A: large, unfitting armour, claws 3, regeneration 1, shaggy fur 1, tough skin 1
a: no special abilities


You were on level 5 of the Dungeon.
You visited 1 branch of the dungeon, and saw 5 of its levels.

You collected 156 gold pieces.

Inventory:

Hand Weapons
 a - a +0 mace (weapon)
 f - a +0 dagger of venom
Missiles
 e - 88 stones
 n - 41 arrows
 q - 36 sling bullets
 s - 24 bolts
 v - 6 silver javelins (quivered)
Armour
 b - a +0 robe (worn)
 j - a +0 robe
Jewellery
 u - a ring of wizardry (left claw)
Scrolls
 d - 5 scrolls of identify {unknown}
 k - a scroll of magic mapping {unknown}
 m - a scroll of teleportation {unknown}
 r - a scroll of amnesia {unknown}
 y - a scroll of brand weapon {unknown}
Potions
 c - 2 potions of brilliance {unknown}
 g - 3 potions of might {unknown}
 h - a potion of attraction {unknown}
 i - 2 potions of haste {unknown}
 l - a potion of curing {unknown}
 o - a potion of resistance {unknown}
 p - a potion of ambrosia {unknown}
 t - a potion of mutation {unknown}
 w - a potion of lignification {unknown}
 x - a potion of flight {unknown}


   Skills:
 + Level 2.9 Fighting
 + Level 3.8 Maces & Flails
 + Level 3.1 Dodging
 + Level 1.4 Stealth


You had 3 spell levels left.
You didn't know any spells.
Your spell library contained the following spells:

 Spells                   Type           Power      Damage    Failure   Level
 Scorch                   Fire           0%         2d5       28%         2
 Gell's Gravitas          Tloc           0%         N/A       50%         3
 Starburst                Conj/Fire      0%         6d3       100%        6


Dungeon Overview and Level Annotations

Branches:
Dungeon (5/15)
 Temple: D:4-7

Altars:
Elyvilon
Trog

Shops:
D:5 *


Innate Abilities, Weirdness & Mutations

You are too large for most types of armour.
You have claws for hands.
Your natural rate of healing is unusually fast.
You are covered in fur. (AC +1)
You have tough skin. (AC +1)


Message History

You barely miss the kobold. The kobold hits you with a +0 club.
You hit the kobold.
You kill the kobold!
You see here a +0 club.
Done exploring.
You see here a +0 club.
There is a stone staircase leading down here.
There is a stone staircase leading down here.
Done exploring.
Okay, then.
Okay, then.
You climb downwards.
There is a stone staircase leading up here.
Found Juugaafei's Assorted Antiques.
Found a dagger.
There is an entrance to Juugaafei's Assorted Antiques here.
You can access your shopping list by pressing '$'.
Found a long sword.
You see here a +0 dagger.
A hornet comes into view.
The hornet buzzes angrily.
You see here 13 gold pieces.
You barely miss the hornet. The hornet closely misses you.
The hornet barely misses you.
The hornet stings you but does no damage.
You completely miss the hornet. The hornet barely misses you. x2
You hit the hornet but do no damage. The hornet closely misses you.
You closely miss the hornet. The hornet stings you!
You feel yourself slow down. The hornet stings you!
You feel as though you will be slow longer.
You hit the hornet.
The hornet is lightly wounded.
The hornet stings you!
* * * LOW HITPOINT WARNING * * *
You feel as though you will be slow longer.
The hornet stings you.
* * * LOW HITPOINT WARNING * * *
You feel as though you will be slow longer.
The hornet stings you!
You die...

########## #........#
#........# #........#
######........#
..............#
#############..........#
...........##.).@y$.)..#
......<#......##########
########.##..##
............#
#####..PP...# ##.P∩P.##
#..PP.# #.....# ###.###


You could see a hornet.

Vanquished Creatures
  A hound (D:4)
  4 adders
  2 dart slugs (D:3)
  An orc (D:3)
  8 ball pythons
  5 endoplasms
  4 goblins
  3 hobgoblins
  3 quokkas
  9 bats
  3 frilled lizards
  7 kobolds
  3 rats
53 creatures vanquished.

Vanquished Creatures (others)
  A plant (D:1)
1 creature vanquished.

Grand Total: 54 creatures vanquished

Notes
Turn   | Place    | Note
-------+----------+-------------------------------------------
     0 | D:1      | issech the Troll Monk began the quest for the Orb.
     0 | D:1      | Reached XP level 1. HP: 22/22 MP: 0/0
   140 | D:1      | Reached XP level 2. HP: 29/29 MP: 1/1
   734 | D:2      | Reached XP level 3. HP: 26/36 MP: 2/2
  1136 | D:2      | Found a faded altar of an unknown god.
  1165 | D:2      | Identified the +9 ring mail "Lyxoroz" {Fly Stlth+}
  1282 | D:2      | Found a white marble altar of Elyvilon.
  1811 | D:3      | Got the Compendium of the Clam
  1961 | D:3      | Reached XP level 4. HP: 44/44 MP: 3/3
  2326 | D:4      | Found a bloodstained altar of Trog.
  2807 | D:5      | Entered Level 5 of the Dungeon
  2809 | D:5      | Found Juugaafei's Assorted Antiques.
  2821 | D:5      | Noticed a hornet
  2831 | D:5      | Slain by a hornet

Illustrated notes

Levels and vault maps discovered:
D:1:      roderic_crop_circles_arrival_small, layout_loops_ring, minmay_vboxes
D:2:      layout_loops_corners, basic_altar, hellmonk_ecumenical_altar_lost_god
D:3:      wad_crossroads, layout_rooms
D:4:      layout_loops_cross, trog_three_pillars_becter
D:5:      layout_basic, serial_shops, nicolae_shop_overgrown_old_shop,
          kb_lookout_dungeons_type, nrook_mini_vaults

Skill      XL: |  1  2  3  4 |
---------------+-------------+-----
Maces & Flails | 3 |  3.8
Dodging        | 3 |  3.1
Fighting       | |  2.9
Stealth        | |  1.4

Action                   |  1- 3 |  4- 6 || total
-------------------------+-------+-------++-------
Melee: Mace              |   150 |    66 ||   216
       Punch             |     2 |       ||     2
 Stab: Sleeping          |     6 |     1 ||     7
Armor: Robe              |    55 |    28 ||    83
Dodge: Dodged            |    98 |    36 ||   134
